 Dungeon Crawl Stone Soup version 0.29.1-13-g9f3cf754e1 (webtiles) character file.

Game seed: 3746762344756482700

605 suse60 the Trooper (level 7, -2/59 HPs)
             Began as a Formicid Fighter on Jan 31, 2023.
             Was an Initiate of Okawaru.
             Splashed by a jelly's acid (7 damage)
             ... on level 5 of the Dungeon.
             The game lasted 00:21:41 (4034 turns).

suse60 the Trooper (Formicid Fighter)               Turns: 4034, Time: 00:21:42

Health: -2/59      AC: -6    Str: 22    XL:     7   Next: 70%
Magic:  7/7        EV:  9    Int:  8    God:    Okawaru [......]
Gold:   281        SH:  5    Dex: 13    Spells: 6/6 levels left

rFire   . . .      SeeInvis +   a - +0 war axe
rCold   . . .      Faith    +   c - +0 buckler
rNeg    . . .      Spirit   .   b - +0 scale mail
rPois   +          Reflect  .   (helmet unavailable)
rElec   .          Harm     .   (no cloak)
rCorr   .          Rampage  .   (no gloves)
Will    .....                   f - +1 pair of boots
Stlth   ..........              g - amulet of faith
HPRegen 0.19/turn               l - ring of poison resistance
MPRegen 0.10/turn               (no ring)

@: corroded, studying Axes
A: permanent stasis, dig shafts and tunnels, antennae 3, four strong arms
a: Dig, Shaft Self, Renounce Religion


You were on level 5 of the Dungeon.
You worshipped Okawaru.
Okawaru was noncommittal.
You visited 2 branches of the dungeon, and saw 6 of its levels.

You collected 281 gold pieces.

Inventory:

Hand Weapons
 a - a +0 war axe (weapon)
 i - a +0 hand axe of flaming
Missiles
 k - 5 javelins (quivered)
Armour
 b - a +0 scale mail (worn)
 c - a +0 buckler (worn)
 f - a +1 pair of boots (worn)
Jewellery
 g - an amulet of faith (around neck)
 l - a ring of poison resistance (left hand)
Potions
 d - a potion of brilliance
 e - 2 potions of haste {unknown}
 h - a potion of magic
 j - a potion of cancellation
 m - a potion of mutation {unknown}


   Skills:
 + Level 6.8 Fighting
 + Level 6.4 Axes
 - Level 3.2 Armour
 - Level 4.0 Shields
 + Level 0.0 Invocations


You had 6 spell levels left.
You didn't know any spells.
Your spell library contained the following spells:

 Spells                   Type           Power      Damage    Failure   Level
 Magic Dart               Conj           0%         1d3       80%         1
 Mephitic Cloud           Conj/Pois/Air  0%         N/A       99%         3
 Call Imp                 Summ           Unusable   N/A       N/A         2

Dungeon Overview and Level Annotations

Branches:
Dungeon (5/15)             Temple (1/1) D:5

Altars:
Cheibriados
Dithmenos
Elyvilon
Fedhas
Gozag
Hepliaklqana
Kikubaaqudgha
Makhleb
Okawaru
Ru
Sif Muna
Trog
Wu Jian
Xom
Yredelemnul
Zin
The Shining One


Innate Abilities, Weirdness & Mutations

You cannot be hasted, slowed, berserked, paralysed or teleported.
You can dig through walls and to a lower floor.
You have a pair of large antennae on your head. (SInv)
Your four strong arms can wield two-handed weapons with a shield.


Message History

You hit the iguana.
You kill the iguana!
Okawaru accepts your kill. The adder bites you but does no damage.
You slash the adder!
The adder is severely wounded.
The adder barely misses you.
You slash the adder!
You kill the adder!
Okawaru accepts your kill.
You sense a monster nearby.
A jelly comes into view.
The jelly quivers.
You hit the jelly.
Your hands burn!
The jelly is lightly wounded.
The jelly closely misses you.
You hit the jelly.
Your hands burn!
The jelly is heavily wounded.
You block the jelly's attack.
You barely miss the jelly.
The jelly is moderately wounded.
The jelly hits you. The acid corrodes you!
You are splashed with acid.
You hit the jelly. The acid corrodes you!
Your hands burn!
The jelly is severely wounded.
The jelly closely misses you.
You hit the jelly but do no damage.
Your hands burn!
The jelly is severely wounded.
The jelly closely misses you. The jelly hits you. The acid corrodes you!
You are splashed with acid!
You hit the jelly but do no damage. The acid corrodes you!
Your hands burn!
The jelly is severely wounded.
The jelly hits you.
* * * LOW HITPOINT WARNING * * *
You are splashed with acid!
* * * LOW HITPOINT WARNING * * *
The jelly attacks as you move away! The jelly barely misses you.
The jelly attacks as you move away! The jelly hits you.
* * * LOW HITPOINT WARNING * * *
You are splashed with acid!
You die...

#.# #.#.#
#.# #.#
#.# #.#
..# #.#
#.# #.#
#.# #.#
#@#
#.#####J#
#.......#
#######.#
###


You could see a jelly.

Vanquished Creatures
  A black bear (D:4)
  An ogre (D:5)
  2 hounds
  Jessica (D:2)
  Terence (D:2)
  2 iguanas
  An orc wizard (D:4)
  12 adders
  An ufetubus (D:4)
  5 worms
  3 dart slugs
  20 orcs
  4 ball pythons
  5 bats
  4 endoplasms
  5 giant cockroaches
  6 goblins
  5 hobgoblins
  6 jackals (D:1)
  5 quokkas
  3 frilled lizards
  8 kobolds
  A rat (D:2)
102 creatures vanquished.

Vanquished Creatures (others)
  3 plants (D:1)
3 creatures vanquished.

Grand Total: 105 creatures vanquished

Notes
Turn   | Place    | Note
-------+----------+-------------------------------------------
     0 | D:1      | suse60 the Formicid Fighter began the quest for the Orb.
     0 | D:1      | Reached XP level 1. HP: 18/18 MP: 1/1
   142 | D:1      | Reached XP level 2. HP: 24/24 MP: 2/2
   201 | D:1      | Found a faded altar of an unknown god.
   319 | D:1      | Reached XP level 3. HP: 21/30 MP: 3/3
   675 | D:2      | Found a sacrificial altar of Ru.
   874 | D:2      | You fall into a shaft and drop 1 floor!
   874 | D:3      | Found a shimmering blue altar of Sif Muna.
   892 | D:3      | Reached XP level 4. HP: 33/37 MP: 4/4
   981 | D:3      | Found a hazy altar of Hepliaklqana.
  1107 | D:3      | Found a blossoming altar of Fedhas.
  1107 | D:3      | Found an ancient bone altar of Kikubaaqudgha.
  1221 | D:3      | Reached XP level 5. HP: 41/43 MP: 5/5
  1401 | D:2      | Reached skill level 5 in Fighting
  1653 | D:2      | Noticed Jessica
  1658 | D:2      | Killed Jessica
  1706 | D:2      | Noticed Terence
  1719 | D:2      | Killed Terence
  1720 | D:2      | Reached XP level 6. HP: 34/51 MP: 6/6
  2505 | D:4      | Noticed a black bear
  2536 | D:4      | Killed a black bear
  2697 | D:4      | Reached skill level 5 in Axes
  2807 | D:4      | Reached XP level 7. HP: 53/58 MP: 7/7
  2870 | D:4      | Identified a scroll of acquirement
  2870 | D:4      | Acquired a manual of Axes
  3558 | D:5      | Entered Level 5 of the Dungeon
  3734 | D:5      | Found a staircase to the Ecumenical Temple.
  3755 | Temple   | Entered the Ecumenical Temple
  3788 | Temple   | Became a worshipper of Warmaster Okawaru
  4034 | D:5      | Splashed by a jelly's acid

Illustrated notes

Levels and vault maps discovered:
D:1:      saegor_arrival_simple_b, layout_basic,
          dilly_ecumenical_altar_fadedgnrine
D:2:      layout_basic, basic_altar, uniq_jessica, uniq_terence
D:3:      layout_rooms, grunt_temple_overflow_growth_and_decay,
          mainiacjoe_overflow_catwalk_spiral, st_stairs_2
D:4:      minmay_chambers_of_twos, layout_loops_ring
D:5:      layout_basic, minmay_temple_entry_overgrown, uniq_ijyb,
          uniq_blork_the_orc, uniq_grinder, uniq_crazy_yiuf_cottage,
          uniq_duvessa
Temple:   compressed_dpeg_circular_temple

Skill      XL: |  1  2  3  4  5  6  7 |
---------------+----------------------+-----
Fighting       | 4 5 6 |  6.8
Axes           | 3 4 5 6 |  6.4
Armour         | |  3.2
Shields        | |  4.0

Action                   |  1- 3 |  4- 6 |  7- 9 || total
-------------------------+-------+-------+-------++-------
Melee: War axe           |   104 |   171 |    91 ||   366
Throw: Javelin           |     3 |    17 |     4 ||    24
  Use: Scroll            |     4 |     7 |     3 ||    14
       Potion            |       |     2 |       ||     2
Armor: Scale mail        |    43 |    95 |    25 ||   163
Dodge: Dodged            |    56 |    74 |    46 ||   176
Block: Buckler           |    35 |    50 |    19 ||   104
